 Dungeon Crawl Stone Soup version 0.27.1-33-g824d729ab1 (webtiles) character file.

Game seed: 16290646273965725055

177 pkoi the Ruffian (level 5, -5/45 HPs)
             Began as a Draconian Monk on Nov 29, 2021.
             Killed by divine providence
             ... invoked by an orc priest
              (10 damage)
             ... on level 3 of the Dungeon.
             The game lasted 00:02:33 (2496 turns).

pkoi the Ruffian (Draconian Monk)                   Turns: 2496, Time: 00:02:34

Health: -5/45      AC:  5    Str: 14    XL:     5   Next: 30%
Magic:  5/5        EV: 12    Int: 11    God:
Gold:   128        SH:  0    Dex: 13    Spells: 4/4 levels left

rFire    . . .     SeeInvis .     - Unarmed
rCold    . . .     Faith    .   (no shield)
rNeg     . . .     Spirit   .   (armour unavailable)
rPois    .         Reflect  .   (helmet restricted)
rElec    .         Harm     .   (no cloak)
rCorr    .         Rampage  .   (no gloves)
Will     .....                  (no boots)
Stlth    ++........             (no amulet)
HPRegen  0.15/turn              (no ring)
MPRegen  0.09/turn              (no ring)

@: no status effects
A: AC +5, unfitting armour, cold-blooded
a: no special abilities


You were on level 3 of the Dungeon.
You visited 1 branch of the dungeon, and saw 3 of its levels.

You collected 128 gold pieces.

Inventory:

Missiles
 a - 8 boomerangs (quivered)
Jewellery
 i - a ring of protection from cold
Scrolls
 c - a scroll of blinking {unknown}
 d - a scroll of vulnerability {unknown}
 f - a scroll of teleportation {unknown}
 g - a scroll of noise {unknown}
 h - a scroll of acquirement {unknown}
Potions
 b - 2 potions of heal wounds {unknown}
 e - 2 potions of haste
 j - a potion of cancellation {unknown}


   Skills:
 - Level 3.2 Fighting
 - Level 2.6 Dodging
 - Level 1.7 Stealth
 + Level 6.1 Unarmed Combat


You had 4 spell levels left.
You didn't know any spells.
Your spell library was empty.

Dungeon Overview and Level Annotations

Branches:
Dungeon (3/15)

Altars:
Yredelemnul

Shops:
D:3 *


Innate Abilities, Weirdness & Mutations

Your plain brown scales are hard. (AC +5)
You cannot fit into any form of body armour.
You are cold-blooded and may be slowed by cold attacks.


Message History

The orc is heavily wounded.
The ball python bites you but does no damage.
The ball python constricts you. The orc barely misses you.
You hit the orc.
The orc is severely wounded.
The ball python closely misses you. The ball python constricts you.
The orc hits you but does no damage.
You closely miss the orc.
The orc is severely wounded.
The ball python bites you but does no damage.
The ball python constricts you.
You closely miss the orc.
The orc is severely wounded.
The orc hits you with a +0 club.
* * * LOW HITPOINT WARNING * * *
The ball python bites you.
* * * LOW HITPOINT WARNING * * *
The ball python constricts you.
* * * LOW HITPOINT WARNING * * *
An orc priest comes into view. It is wielding a +0 hand axe.
You closely miss the orc.
The orc is severely wounded.
The orc priest shouts!
The ball python bites you but does no damage.
The ball python constricts you.
* * * LOW HITPOINT WARNING * * *
The orc closely misses you.
You hit the orc.
You kill the orc!
The ball python barely misses you. The ball python constricts you.
An orc priest comes into view. It is wielding a +0 club.
The orc priest begins to cast a cantrip, but forgets the words!
Unknown command.
You escape the ball python's grasp.
The orc priest calls down the wrath of Beogh upon you.
Beogh smites you!
* * * LOW HITPOINT WARNING * * *
The orc priest invokes the aid of Beogh against you.
Beogh smites you!
You die...

..P♣...8.8P. .♣.♣♣ ♣ ♣.♣
♣.♣ ♣...♣...... ♣..♣.♣ ♣.
P♣
♣♣.♣.......♣♣♣P...♣♣♣♣.♣♣
.♣♣.♣P...♣♣......P..♣.♣.♣.
.♣♣P♣P...P♣..........♣.♣.♣
§♣§♣P.PP.......####.....♣.
♣§♣♣[♣.♣.P..#..'..#.......
§♣.♣♣.♣....#...####.......
♣P♣.♣.....#.....@.S.......
...♣...........(...)##'#.
..............P†.⌠..#
♣.)...###.........Po#
P.....#.'...###..†..#
♣.♣...###...'.#.....o...
.♣♣.♣.......###.........
♣♣♣.♣.♣.♣................
♣♣..♣♣.♣....♣.P♣...♣...♣.


You could see 2 orc priests and a ball python.

Vanquished Creatures
  A hound (D:2)
  6 gnolls
  2 adders (D:2)
  A shadow imp (D:3)
  A dart slug (D:1)
  An orc (D:3)
  4 ball pythons
  5 endoplasms
  5 giant cockroaches
  4 goblins
  6 hobgoblins
  3 jackals (D:2)
  6 quokkas
  5 bats
  6 frilled lizards
  3 kobolds
  A rat (D:2)
60 creatures vanquished.

Vanquished Creatures (others)
  50 plants (D:3)
50 creatures vanquished.

Grand Total: 110 creatures vanquished

Notes
Turn   | Place    | Note
-------+----------+-------------------------------------------
     0 | D:1      | pkoi the Draconian Monk began the quest for the Orb.
     0 | D:1      | Reached XP level 1. HP: 19/19 MP: 1/1
   189 | D:1      | Reached XP level 2. HP: 25/26 MP: 2/2
   313 | D:1      | Found a faded altar of an unknown god.
   358 | D:1      | Reached skill level 4 in Unarmed Combat
   747 | D:2      | Reached XP level 3. HP: 17/31 MP: 3/3
   999 | D:1      | Reached skill level 5 in Unarmed Combat
   999 | D:1      | Reached XP level 4. HP: 7/38 MP: 4/4
  1435 | D:2      | Found a basalt altar of Yredelemnul.
  2163 | D:3      | Reached XP level 5. HP: 34/45 MP: 5/5
  2247 | D:3      | Found Hory Yfa's General Store.
  2473 | D:3      | Reached skill level 6 in Unarmed Combat
  2496 | D:3      | Killed from afar by an orc priest

Illustrated notes

Levels and vault maps discovered:
D:1:      evilmike_arrival_rings, layout_basic,
          shapermc_ecumenical_altar_starsandcircs
D:2:      layout_loops_cross, basic_altar, minmay_tree_intersection
D:3:      wad_woods_settlement, layout_basic, serial_shops, shop, uniq_grinder

Skill      XL: |  1  2  3  4  5 |
---------------+----------------+-----
Unarmed Combat | 4 5 6 |  6.1
Fighting       | |  3.2
Dodging        | |  2.6
Stealth        | |  1.7

Action                   |  1- 3 |  4- 6 || total
-------------------------+-------+-------++-------
Melee: Unarmed           |    81 |   128 ||   209
       Tailslap          |    10 |    11 ||    21
       Punch             |     1 |     2 ||     3
 Stab: Sleeping          |     1 |     7 ||     8
Armor: Skin              |    19 |    28 ||    47
Dodge: Dodged            |    37 |    83 ||   120
